Workbook

Sheet Orçamentária
A2: OBSERVAÇÕES:
B3: 1 - As informações mínimas que deverão constar da planilha são: Númeração do Item, Discriminação,
B4: Unidade, Quantidade, Custo Unitário do material, Custo Unitário de Mão de Obra, Custo total do
B5: Material por item, Custo total de Mão de Obra por Item, Subtotais de Material, subtotais de Mão de
B6: Obra, Total Geral de Material, Total Geral de Mão de Obra e Total Geral do Orçamento.
B7: 2 - A Planilha orçamentária abaixo deverá ser apresentada utilizando papel timbrado da empresa;
B8: 3 - Os Valores constantes na planilha deverão ser o valores de mercado, sem a aplicação do BDI;
B9: 4 - O BDI deverá estar destacado ao final da tabela, com o preenchimento dos campos específicos,
B10: conforme abaixo. A composição do BDI aplicado deverá ser detalhada.
B11: 5 - Os itens elencados abaixo são referentes a obra ora em licitação, e servirão de referências
B12: para cotação. Os itens e quantidade, deverão ser adaptados e quantificados conforme memorial
B13: descritivo desta licitação. Acréscimos e formatação da mesma são de responsabilidade da empresa.
A14: SESC JOINVILLE - RESTAURANTE / COZINHA DA ESCOLA / CLÍNICA ODONTOLÓGICA / COBERTURA LATERAL DA QUADRA
B15: ORÇAMENTO DISCRIMINADO GLOBAL - MATERIAL E MÃO DE OBRA
B16: DISCRIMINAÇÃO | C16: UNID. | D16: QTDE. | E16: CUSTO UNITÁRIO | H16: CUSTO TOTAL
E17: MATER. UNIT. (R$) | F17: M.D.O. UNIT. (R$) | G17: TOTAL UNIT. (R$) | H17: MATER. TOTAL (R$) | I17: M.D.O. TOTAL (R$) | J17: TOTAL ÍTEM (R$)
A18: REFORMA DO RESTAURANTE E COZINHA DA ESCOLA
A19: 1 | B19: INSTALAÇÕES PROVISÓRIAS E SERVIÇOS INICIAIS
A20: 1.1 | B20: MOBILIZAÇÃO DE CANTEIRO DE OBRAS | C20: UN | D20: 1 | E20: 0 | F20: 0 | G20: =E20+F20 -> 0 | H20: =TRUNC(D20*E20,2) -> 0 | I20: =J20-H20 -> 0 | J20: =TRUNC(D20*G20,2) -> 0
A21: 1.2 | B21: =UPPER("Fornecimento e montagem/desmontagem de andaime metálico tubular tipo torre - locação") -> FORNECIMENTO E MONTAGEM/DESMONTAGEM DE ANDAIME METÁLICO TUBULAR TIPO TORRE - LOCAÇÃO | C21: M/MÊS | D21: 32 | E21: 0 | F21: 0 | G21: =E21+F21 -> 0 | H21: =TRUNC(D21*E21,2) -> 0 | I21: =J21-H21 -> 0 | J21: =TRUNC(D21*G21,2) -> 0
A22: 1.3 | B22: FITA ZEBRADA DE SINALIZAÇÃO DE ÁREA | C22: UN | D22: 1 | E22: 0 | F22: 0 | G22: =E22+F22 -> 0 | H22: =TRUNC(D22*E22,2) -> 0 | I22: =J22-H22 -> 0 | J22: =TRUNC(D22*G22,2) -> 0
A23: 1.4 | B23: =UPPER("Placa de Obra 2,0x2,0m com pintura esmalte - Fornecimento e Instalação") -> PLACA DE OBRA 2,0X2,0M COM PINTURA ESMALTE - FORNECIMENTO E INSTALAÇÃO | C23: UN | D23: 1 | E23: 0 | F23: 0 | G23: =E23+F23 -> 0 | H23: =TRUNC(D23*E23,2) -> 0 | I23: =J23-H23 -> 0 | J23: =TRUNC(D23*G23,2) -> 0
B24: TOTAIS | H24: =SUM(H19:H23) -> 0 | I24: =SUM(I19:I23) -> 0
I25: =H24+I24 -> 0
A26: 2 | B26: ADMINISTRAÇÃO DOS SERVIÇOS
A27: 2.1 | B27: ART DE OBRAS E SERVIÇOS | C27: UN | D27: 1 | E27: 0 | F27: 0 | G27: =E27+F27 -> 0 | H27: =TRUNC(D27*E27,2) -> 0 | I27: =J27-H27 -> 0 | J27: =TRUNC(D27*G27,2) -> 0
A28: 2.2 | B28: ENGENHEIRO CIVIL DE OBRA PLENO COM ENCARGOS COMPLEMENTARES | C28: MES | D28: 4 | E28: 0 | F28: 0 | G28: =E28+F28 -> 0 | H28: =TRUNC(D28*E28,2) -> 0 | I28: =J28-H28 -> 0 | J28: =TRUNC(D28*G28,2) -> 0
A29: 2.3 | B29: MESTRE DE OBRAS COM ENCARGOS COMPLEMENTARES | C29: MES | D29: 4 | E29: 0 | F29: 0 | G29: =E29+F29 -> 0 | H29: =TRUNC(D29*E29,2) -> 0 | I29: =J29-H29 -> 0 | J29: =TRUNC(D29*G29,2) -> 0
A30: 2.4 | B30: LIMPEZA PERMANENTE EM OBRA | C30: MES | D30: 4 | E30: 0 | F30: 0 | G30: =E30+F30 -> 0 | H30: =TRUNC(D30*E30,2) -> 0 | I30: =J30-H30 -> 0 | J30: =TRUNC(D30*G30,2) -> 0
B31: TOTAIS | H31: =SUM(H26:H30) -> 0 | I31: =SUM(I26:I30) -> 0
I32: =H31+I31 -> 0
A33: 3 | B33: CONCLUSÃO DOS SERVIÇOS
A34: 3.2 | B34: =UPPER("As Built") -> AS BUILT | C34: M² | D34: 1161.62 | E34: 0 | F34: 0 | G34: =E34+F34 -> 0 | H34: =TRUNC(D34*E34,2) -> 0 | I34: =J34-H34 -> 0 | J34: =TRUNC(D34*G34,2) -> 0
A35: 3.3 | B35: LIMPEZA FINAL DA OBRA | C35: M² | D35: 1161.62 | E35: 0 | F35: 0 | G35: =E35+F35 -> 0 | H35: =TRUNC(D35*E35,2) -> 0 | I35: =J35-H35 -> 0 | J35: =TRUNC(D35*G35,2) -> 0
A36: 3.4 | B36: =UPPER("Remoção de entulho, inclusive o transporte e descarga em caçambas de aço - em unidades de, até, 5m³") -> REMOÇÃO DE ENTULHO, INCLUSIVE O TRANSPORTE E DESCARGA EM CAÇAMBAS DE AÇO - EM UNIDADES DE, ATÉ, 5M³ | C36: UN | D36: 10 | E36: 0 | F36: 0 | G36: =E36+F36 -> 0 | H36: =TRUNC(D36*E36,2) -> 0 | I36: =J36-H36 -> 0 | J36: =TRUNC(D36*G36,2) -> 0
B37: TOTAIS | H37: =SUM(H34:H36) -> 0 | I37: =SUM(I34:I36) -> 0
I38: =H37+I37 -> 0
A39: 4 | B39: COZINHA DA ESCOLA
A40: 4.1 | B40: DEMOLIÇÕES, REMOÇÕES E RETIRADAS
A41: 4.1.1 | B41: RETIRADA/DEMOLICAO DE PISO CERAMICO SEM REMOCAO | C41: M² | D41: 111.949 | E41: 0 | F41: 0 | G41: =E41+F41 -> 0 | H41: =TRUNC(D41*E41,2) -> 0 | I41: =J41-H41 -> 0 | J41: =TRUNC(D41*G41,2) -> 0
A42: 4.1.2 | B42: DEMOLIÇÃO DE REVESTIMENTO CERÂMICO, DE FORMA MANUAL, SEM REAPROVEITAMENTO. AF_09/2023 | C42: M² | D42: 197.81 | E42: 0 | F42: 0 | G42: =E42+F42 -> 0 | H42: =TRUNC(D42*E42,2) -> 0 | I42: =J42-H42 -> 0 | J42: =TRUNC(D42*G42,2) -> 0
A43: 4.1.3 | B43: DEMOLIÇÃO DE RODAPÉ CERÂMICO, DE FORMA MANUAL, SEM REAPROVEITAMENTO. AF_09/2023 | C43: M | D43: 7.18 | E43: 0 | F43: 0 | G43: =E43+F43 -> 0 | H43: =TRUNC(D43*E43,2) -> 0 | I43: =J43-H43 -> 0 | J43: =TRUNC(D43*G43,2) -> 0
A44: 4.1.4 | B44: REMOÇÃO DE PORTAS, DE FORMA MANUAL, SEM REAPROVEITAMENTO. AF_09/2023 | C44: M² | D44: 17.4 | E44: 0 | F44: 0 | G44: =E44+F44 -> 0 | H44: =TRUNC(D44*E44,2) -> 0 | I44: =J44-H44 -> 0 | J44: =TRUNC(D44*G44,2) -> 0
A45: 4.1.5 | B45: RETIRADA CUIDADOSA BANCADA COM REAPROVEITAMENTO | C45: M² | D45: 2.337 | E45: 0 | F45: 0 | G45: =E45+F45 -> 0 | H45: =TRUNC(D45*E45,2) -> 0 | I45: =J45-H45 -> 0 | J45: =TRUNC(D45*G45,2) -> 0
A46: 4.1.6 | B46: RETIRADA CUIDADOSA LOUCA SANITARIA | C46: UN | D46: 4 | E46: 0 | F46: 0 | G46: =E46+F46 -> 0 | H46: =TRUNC(D46*E46,2) -> 0 | I46: =J46-H46 -> 0 | J46: =TRUNC(D46*G46,2) -> 0
A47: 4.1.7 | B47: RETIRADA E RECOLOCACAO METAIS EM APARELHOS SANITARIOS | C47: UN | D47: 4 | E47: 0 | F47: 0 | G47: =E47+F47 -> 0 | H47: =TRUNC(D47*E47,2) -> 0 | I47: =J47-H47 -> 0 | J47: =TRUNC(D47*G47,2) -> 0
A48: 4.1.8 | B48: RETIRADA E RECOLOCACAO DE DISPENSERS SANITARIOS | C48: UN | D48: 2 | E48: 0 | F48: 0 | G48: =E48+F48 -> 0 | H48: =TRUNC(D48*E48,2) -> 0 | I48: =J48-H48 -> 0 | J48: =TRUNC(D48*G48,2) -> 0
A49: 4.1.9 | B49: RETIRADA E RECOLOCACAO DE DISPENSERS SANITARIOS | C49: UN | D49: 3 | E49: 0 | F49: 0 | G49: =E49+F49 -> 0 | H49: =TRUNC(D49*E49,2) -> 0 | I49: =J49-H49 -> 0 | J49: =TRUNC(D49*G49,2) -> 0
A50: 4.1.10 | B50: REMOÇÃO DE FORRO DE GESSO, DE FORMA MANUAL, SEM REAPROVEITAMENTO. AF_09/2023 | C50: M² | D50: 47.97 | E50: 0 | F50: 0 | G50: =E50+F50 -> 0 | H50: =TRUNC(D50*E50,2) -> 0 | I50: =J50-H50 -> 0 | J50: =TRUNC(D50*G50,2) -> 0
A51: 4.1.11 | B51: REMOCAO DE FORRO DE MADEIRA | C51: M² | D51: 18.43 | E51: 0 | F51: 0 | G51: =E51+F51 -> 0 | H51: =TRUNC(D51*E51,2) -> 0 | I51: =J51-H51 -> 0 | J51: =TRUNC(D51*G51,2) -> 0
A52: 4.1.12 | B52: =UPPER("Remoção de entulho, inclusive o transporte e descarga em caçambas de aço - em unidades de, até, 5m³") -> REMOÇÃO DE ENTULHO, INCLUSIVE O TRANSPORTE E DESCARGA EM CAÇAMBAS DE AÇO - EM UNIDADES DE, ATÉ, 5M³ | C52: UN | D52: 5 | E52: 0 | F52: 0 | G52: =E52+F52 -> 0 | H52: =TRUNC(D52*E52,2) -> 0 | I52: =J52-H52 -> 0 | J52: =TRUNC(D52*G52,2) -> 0
B53: TOTAIS | H53: =SUM(H41:H52) -> 0 | I53: =SUM(I41:I52) -> 0
I54: =H53+I53 -> 0
A55: 4.2 | B55: ARQUITETURA
A56: 4.2.1 | B56: PAREDES E DIVISÓRIAS
A57: 4.2.1.1 | B57: ALVENARIA DE VEDAÇÃO DE BLOCOS CERÂMICOS FURADOS NA HORIZONTAL DE 14X9X19 CM (ESPESSURA 14 CM, BLOCO DEITADO) E ARGAMASSA DE ASSENTAMENTO COM PREPARO EM BETONEIRA. AF_12/2021 | C57: M² | D57: 4.56 | E57: 0 | F57: 0 | G57: =E57+F57 -> 0 | H57: =TRUNC(D57*E57,2) -> 0 | I57: =J57-H57 -> 0 | J57: =TRUNC(D57*G57,2) -> 0
A58: 4.2.2 | B58: PREPARO DA SUPERFÍCIE DE PAREDE
A59: 4.2.2.1 | B59: CHAPISCO APLICADO EM ALVENARIAS E ESTRUTURAS DE CONCRETO INTERNAS, COM COLHER DE PEDREIRO. ARGAMASSA TRAÇO 1:3 COM PREPARO EM BETONEIRA 400L. AF_10/2022 | C59: M² | D59: 65.16 | E59: 0 | F59: 0 | G59: =E59+F59 -> 0 | H59: =TRUNC(D59*E59,2) -> 0 | I59: =J59-H59 -> 0 | J59: =TRUNC(D59*G59,2) -> 0
A60: 4.2.2.2 | B60: MASSA ÚNICA, PARA RECEBIMENTO DE PINTURA, EM ARGAMASSA TRAÇO 1:2:8, PREPARO MECÂNICO COM BETONEIRA 400L, APLICADA MANUALMENTE EM FACES INTERNAS DE PAREDES, ESPESSURA DE 20MM, COM EXECUÇÃO DE TALISCAS. AF_06/2014 | C60: M² | D60: 65.16 | E60: 0 | F60: 0 | G60: =E60+F60 -> 0 | H60: =TRUNC(D60*E60,2) -> 0 | I60: =J60-H60 -> 0 | J60: =TRUNC(D60*G60,2) -> 0
A61: 4.2.2.3 | B61: EMBOÇO OU MASSA ÚNICA EM ARGAMASSA TRAÇO 1:2:8, PREPARO MECÂNICO COM BETONEIRA 400 L, APLICADA MANUALMENTE EM PANOS DE FACHADA COM PRESENÇA DE VÃOS, ESPESSURA DE 25 MM. AF_08/2022 | C61: M² | D61: 25.2 | E61: 0 | F61: 0 | G61: =E61+F61 -> 0 | H61: =TRUNC(D61*E61,2) -> 0 | I61: =J61-H61 -> 0 | J61: =TRUNC(D61*G61,2) -> 0
A62: 4.2.2.4 | B62: EMASSAMENTO COM MASSA LÁTEX, APLICAÇÃO EM PAREDE, DUAS DEMÃOS, LIXAMENTO MANUAL. AF_04/2023 | C62: M² | D62: 149.12 | E62: 0 | F62: 0 | G62: =E62+F62 -> 0 | H62: =TRUNC(D62*E62,2) -> 0 | I62: =J62-H62 -> 0 | J62: =TRUNC(D62*G62,2) -> 0
A63: 4.2.2.5 | B63: APLICAÇÃO MANUAL DE MASSA ACRÍLICA EM PAREDES EXTERNAS DE CASAS, DUAS DEMÃOS. AF_05/2017 | C63: M² | D63: 74.5 | E63: 0 | F63: 0 | G63: =E63+F63 -> 0 | H63: =TRUNC(D63*E63,2) -> 0 | I63: =J63-H63 -> 0 | J63: =TRUNC(D63*G63,2) -> 0
A64: 4.2.2.6 | B64: FUNDO SELADOR LÁTEX, APLICAÇÃO MANUAL EM PAREDE, UMA DEMÃO. AF_04/2023 | C64: M² | D64: 149.12 | E64: 0 | F64: 0 | G64: =E64+F64 -> 0 | H64: =TRUNC(D64*E64,2) -> 0 | I64: =J64-H64 -> 0 | J64: =TRUNC(D64*G64,2) -> 0
A65: 4.2.2.7 | B65: APLICAÇÃO MANUAL DE FUNDO SELADOR ACRÍLICO EM PAREDES EXTERNAS DE CASAS. AF_06/2014 | C65: M² | D65: 74.5 | E65: 0 | F65: 0 | G65: =E65+F65 -> 0 | H65: =TRUNC(D65*E65,2) -> 0 | I65: =J65-H65 -> 0 | J65: =TRUNC(D65*G65,2) -> 0
A66: 4.2.3 | B66: PINTURA
A67: 4.2.3.1 | B67: PINTURA LÁTEX ACRÍLICA PREMIUM, APLICAÇÃO MANUAL EM PAREDES, DUAS DEMÃOS. AF_04/2023 | C67: M² | D67: 193.55 | E67: 0 | F67: 0 | G67: =E67+F67 -> 0 | H67: =TRUNC(D67*E67,2) -> 0 | I67: =J67-H67 -> 0 | J67: =TRUNC(D67*G67,2) -> 0
A68: 4.2.3.2 | B68: PINTURA LÁTEX ACRÍLICA PREMIUM, APLICAÇÃO MANUAL EM PAREDES, DUAS DEMÃOS. AF_04/2023 | C68: M² | D68: 289.38 | E68: 0 | F68: 0 | G68: =E68+F68 -> 0 | H68: =TRUNC(D68*E68,2) -> 0 | I68: =J68-H68 -> 0 | J68: =TRUNC(D68*G68,2) -> 0
A69: 4.2.4 | B69: REVESTIMENTOS DE PAREDE
A70: 4.2.4.1 | B70: REVESTIMENTO ESMALTADO RETIFICADO CETIM BIANCO LINE 30X60CM BRANCO, USO INTERNO, ESPESSURA DAS JUNTAS DE 2MM, REJUNTE PORTOKOLL P-FLEX COR BRANCO. REF.: PORTOBELLO OU EQUIVALENTE TÉCNICO | C70: M² | D70: 54.14 | E70: 0 | F70: 0 | G70: =E70+F70 -> 0 | H70: =TRUNC(D70*E70,2) -> 0 | I70: =J70-H70 -> 0 | J70: =TRUNC(D70*G70,2) -> 0
A71: 4.2.4.2 | B71: FORNECIMENTO E INSTALAÇÃO DE REVESTIMENTO BRICK GOLD ASSIMÉTRICO MATE 7X26 CM, USO EXTERNO, ESPESSURA DAS JUNTAS 3MM, REJUNTE PORTOKOLL COR BEGE. REF.: PORTOBELLO OU EQUIVALENTE TÉCNICO | C71: M² | D71: 3.64 | E71: 0 | F71: 0 | G71: =E71+F71 -> 0 | H71: =TRUNC(D71*E71,2) -> 0 | I71: =J71-H71 -> 0 | J71: =TRUNC(D71*G71,2) -> 0
A72: 4.2.5 | B72: IMPERMEABILIZAÇÃO
A73: 4.2.5.1 | B73: FORNECIMENTO E APLICAÇÃO DE IMPERMEABILIZANTE EM MEMBRANA VEDAPREN COM MÍNIMO DE 3 DEMÃOS CRUZADAS OU EQUIVALENTE TÉCNICO | C73: M² | D73: 51.76 | E73: 0 | F73: 0 | G73: =E73+F73 -> 0 | H73: =TRUNC(D73*E73,2) -> 0 | I73: =J73-H73 -> 0 | J73: =TRUNC(D73*G73,2) -> 0
A74: 4.2.6 | B74: PISOS
A75: 4.2.6.1 | B75: CONTRAPISO EM ARGAMASSA TRAÇO 1:4 (CIMENTO E AREIA), PREPARO MECÂNICO COM BETONEIRA 400 L, APLICADO EM ÁREAS MOLHADAS SOBRE LAJE, ADERIDO, ACABAMENTO NÃO REFORÇADO, ESPESSURA 3CM. AF_07/2021 | C75: M² | D75: 217.77 | E75: 0 | F75: 0 | G75: =E75+F75 -> 0 | H75: =TRUNC(D75*E75,2) -> 0 | I75: =J75-H75 -> 0 | J75: =TRUNC(D75*G75,2) -> 0
A76: 4.2.6.2 | B76: FORNECIMENTO E APLICAÇÃO DE PISO CERÂMICO EXTRUDADO 30X30 CM COR PERGAMON, REJUNTE CONFORME FABRICANTE NA COR MARFIM. REF.: HUNTER DOUGLAS KERART LIFE NBK 3008 K12 OU EQUIVALENTE TÉCNICO | C76: M² | D76: 45.53 | E76: 0 | F76: 0 | G76: =E76+F76 -> 0 | H76: =TRUNC(D76*E76,2) -> 0 | I76: =J76-H76 -> 0 | J76: =TRUNC(D76*G76,2) -> 0
A77: 4.2.6.3 | B77: PISO CIMENTADO, TRAÇO 1:3 (CIMENTO E AREIA), ACABAMENTO LISO, ESPESSURA 3,0 CM, PREPARO MECÂNICO DA ARGAMASSA. AF_09/2020 | C77: M² | D77: 172.24 | E77: 0 | F77: 0 | G77: =E77+F77 -> 0 | H77: =TRUNC(D77*E77,2) -> 0 | I77: =J77-H77 -> 0 | J77: =TRUNC(D77*G77,2) -> 0
A78: 4.2.7 | B78: ESQUADRIAS
A79: 4.2.7.1 | B79: PORTAS
A80: 4.2.7.1.1 | B80: PORTA DE ALUMÍNIO DE ABRIR COM LAMBRI, COM GUARNIÇÃO, FIXAÇÃO COM PARAFUSOS - FORNECIMENTO E INSTALAÇÃO. AF_12/2019 | C80: M² | D80: 14.3 | E80: 0 | F80: 0 | G80: =E80+F80 -> 0 | H80: =TRUNC(D80*E80,2) -> 0 | I80: =J80-H80 -> 0 | J80: =TRUNC(D80*G80,2) -> 0
A81: 4.2.7.2 | B81: JANELAS
A82: 4.2.7.2.1 | B82: JANELA FIXA DE ALUMÍNIO PARA VIDRO, COM VIDRO, BATENTE E FERRAGENS. EXCLUSIVE ACABAMENTO, ALIZAR E CONTRAMARCO. FORNECIMENTO E INSTALAÇÃO. AF_12/2019 | C82: M² | D82: 4.048 | E82: 0 | F82: 0 | G82: =E82+F82 -> 0 | H82: =TRUNC(D82*E82,2) -> 0 | I82: =J82-H82 -> 0 | J82: =TRUNC(D82*G82,2) -> 0
A83: 4.2.7.2.2 | B83: JANELA DE ALUMÍNIO DE CORRER COM 2 FOLHAS PARA VIDROS, COM VIDROS, BATENTE, ACABAMENTO COM ACETATO OU BRILHANTE E FERRAGENS. EXCLUSIVE ALIZAR E CONTRAMARCO. FORNECIMENTO E INSTALAÇÃO. AF_12/2019 | C83: M² | D83: 2.8 | E83: 0 | F83: 0 | G83: =E83+F83 -> 0 | H83: =TRUNC(D83*E83,2) -> 0 | I83: =J83-H83 -> 0 | J83: =TRUNC(D83*G83,2) -> 0
A84: 4.2.8 | B84: LOUÇAS E METAIS
A85: 4.2.8.1 | B85: À REMANEJAR
A86: 4.2.8.1.1 | B86: REMANEJAMENTO (INSTALAÇÃO) DE CUBA DE LOUÇA DE EMBUTIR E ACESSÓRIOS | C86: UN | D86: 3 | E86: 0 | F86: 0 | G86: =E86+F86 -> 0 | H86: =TRUNC(D86*E86,2) -> 0 | I86: =J86-H86 -> 0 | J86: =TRUNC(D86*G86,2) -> 0
A87: 4.2.8.1.2 | B87: REMANEJAMENTO (INSTALAÇÃO) DE TORNEIRA DE MESA | C87: UN | D87: 3 | E87: 0 | F87: 0 | G87: =E87+F87 -> 0 | H87: =TRUNC(D87*E87,2) -> 0 | I87: =J87-H87 -> 0 | J87: =TRUNC(D87*G87,2) -> 0
A88: 4.2.8.1.3 | B88: LAVATORIO COM COLUNA SUSPENSA RAVENA L-915 CREME DECA | C88: UN | D88: 1 | E88: 0 | F88: 0 | G88: =E88+F88 -> 0 | H88: =TRUNC(D88*E88,2) -> 0 | I88: =J88-H88 -> 0 | J88: =TRUNC(D88*G88,2) -> 0
A89: 4.2.8.1.4 | B89: MISTURADOR PARA COZINHA DE PAREDE BICA ALTA REF.: DOCOL NOVA PERTUTTI COD. 00899306 OU EQUIVALENTE TÉCNICO | C89: UN | D89: 1 | E89: 0 | F89: 0 | G89: =E89+F89 -> 0 | H89: =TRUNC(D89*E89,2) -> 0 | I89: =J89-H89 -> 0 | J89: =TRUNC(D89*G89,2) -> 0
A90: 4.2.8.1.5 | B90: TORNEIRA CROMADA DE MESA COM ALAVANCA, 1/2" OU 3/4", PARA LAVATÓRIO - FORNECIMENTO E INSTALAÇÃO. | C90: UN | D90: 1 | E90: 0 | F90: 0 | G90: =E90+F90 -> 0 | H90: =TRUNC(D90*E90,2) -> 0 | I90: =J90-H90 -> 0 | J90: =TRUNC(D90*G90,2) -> 0
A91: 4.2.8.1.6 | B91: CUBA DE EMBUTIR RETANGULAR DE AÇO INOXIDÁVEL, 35 X 35 X 20 CM - FORNECIMENTO E INSTALAÇÃO. | C91: UN | D91: 1 | E91: 0 | F91: 0 | G91: =E91+F91 -> 0 | H91: =TRUNC(D91*E91,2) -> 0 | I91: =J91-H91 -> 0 | J91: =TRUNC(D91*G91,2) -> 0
A92: 4.2.8.1.7 | B92: VÁLVULA EM METAL CROMADO TIPO AMERICANA 3.1/2 X 1.1/2 PARA PIA - FORNECIMENTO E INSTALAÇÃO. AF_01/2020 | C92: UN | D92: 1 | E92: 0 | F92: 0 | G92: =E92+F92 -> 0 | H92: =TRUNC(D92*E92,2) -> 0 | I92: =J92-H92 -> 0 | J92: =TRUNC(D92*G92,2) -> 0
A93: 4.2.9 | B93: ACESSÓRIOS
A94: 4.2.9.1 | B94: À REMANEJAR
A95: 4.2.9.1.1 | B95: RETIRADA E RECOLOCACAO DE DISPENSERS SANITARIOS | C95: UN | D95: 5 | E95: 0 | F95: 0 | G95: =E95+F95 -> 0 | H95: =TRUNC(D95*E95,2) -> 0 | I95: =J95-H95 -> 0 | J95: =TRUNC(D95*G95,2) -> 0
A96: 4.2.10 | B96: MARMORARIA
A97: 4.2.10.1 | B97: SOLEIRA EM GRANITO ICARAÍ, LARGURA 14 CM, ESPESSURA 2,0 CM | C97: M | D97: 1.2 | E97: 0 | F97: 0 | G97: =E97+F97 -> 0 | H97: =TRUNC(D97*E97,2) -> 0 | I97: =J97-H97 -> 0 | J97: =TRUNC(D97*G97,2) -> 0
A98: 4.2.10.2 | B98: BANCA/TAMPO GRANITO AMARELO ICARAI 3cm | C98: M² | D98: 0.8 | E98: 0 | F98: 0 | G98: =E98+F98 -> 0 | H98: =TRUNC(D98*E98,2) -> 0 | I98: =J98-H98 -> 0 | J98: =TRUNC(D98*G98,2) -> 0
A99: 4.2.10.3 | B99: FRONTÃO GRANITO ICARAÍ 10 CM | C99: M | D99: 3.28 | E99: 0 | F99: 0 | G99: =E99+F99 -> 0 | H99: =TRUNC(D99*E99,2) -> 0 | I99: =J99-H99 -> 0 | J99: =TRUNC(D99*G99,2) -> 0
A100: 4.2.10.4 | B100: SAIA PARA BANCADA EM GRANITO ICARAÍ 20 CM | C100: M | D100: 0.8 | E100: 0 | F100: 0 | G100: =E100+F100 -> 0 | H100: =TRUNC(D100*E100,2) -> 0 | I100: =J100-H100 -> 0 | J100: =TRUNC(D100*G100,2) -> 0
A101: 4.2.11 | B101: BANCADAS
...

Sheet Cronograma Físico Finaceiro
A4: CRONOGRAMA FÍSICO-FINANCEIRO
H5: PARCELA 01 | L5: PARCELA 02 | P5: PARCELA 03 | T5: PARCELA 04 | X5: PARCELA 05 | AB5: PARCELA 06
G6: MATERIAL | I6: MÃO DE OBRA | K6: MATERIAL | M6: MÃO DE OBRA | O6: MATERIAL | Q6: MÃO DE OBRA | S6: MATERIAL | U6: MÃO DE OBRA | W6: MATERIAL | Y6: MÃO DE OBRA | AA6: MATERIAL | AC6: MÃO DE OBRA
A7: ÍTEM | B7: DISCRIMINAÇÃO | C7: MATER. TOTAL (R$) | D7: M.D.O. TOTAL (R$) | E7: TOTAL ÍTEM (R$) | F7: % | G7: (R$) | H7: % | I7: (R$) | J7: % | K7: (R$) | L7: % | M7: (R$) | N7: % | O7: (R$) | P7: % | Q7: (R$) | R7: % | S7: (R$) | T7: % | U7: (R$) | V7: % | W7: (R$) | X7: % | Y7: (R$) | Z7: % | AA7: (R$) | AB7: % | AC7: (R$) | AD7: %
B8: OBRA
B9: RESTAURANTE E COZINHA DA ESCOLA
A10: 1 | B10: =Orçamentária!B19 -> INSTALAÇÕES PROVISÓRIAS E SERVIÇOS INICIAIS | C10: =Orçamentária!H24 -> 0 | D10: =Orçamentária!I24 -> 0 | E10: =C10+D10 -> 0 | F10: =+E10/E41*100 -> #DIV/0! | G10: =+H10*$C10 -> 0 | H10: 0 | I10: =+J10*$D10 -> 0 | J10: =H10 -> 0 | K10: =+L10*$C10 -> 0 | L10: 0 | M10: =+N10*$D10 -> 0 | N10: =L10 -> 0 | O10: =+P10*$C10 -> 0 | P10: 0 | Q10: =+R10*$D10 -> 0 | R10: =P10 -> 0 | S10: =+T10*$C10 -> 0 | T10: 0 | U10: =+V10*$D10 -> 0 | V10: =T10 -> 0 | W10: =+X10*$C10 -> 0 | X10: 0 | Y10: =+Z10*$D10 -> 0 | Z10: =X10 -> 0 | AA10: =+AB10*$C10 -> 0 | AB10: 0 | AC10: 0 | AD10: =AB10 -> 0 | AF10: =H10+L10+P10+T10+X10+AB10 -> 0
A11: 2 | B11: =Orçamentária!B26 -> ADMINISTRAÇÃO DOS SERVIÇOS | C11: =Orçamentária!H31 -> 0 | D11: =Orçamentária!I31 -> 0 | E11: =C11+D11 -> 0 | F11: =+E11/E$41*100 -> #DIV/0! | G11: =+H11*$C11 -> 0 | H11: 0 | I11: =+J11*$D11 -> 0 | J11: =H11 -> 0 | K11: =+L11*$C11 -> 0 | L11: 0 | M11: =+N11*$D11 -> 0 | N11: =L11 -> 0 | O11: =+P11*$C11 -> 0 | P11: 0 | Q11: =+R11*$D11 -> 0 | R11: =P11 -> 0 | S11: =+T11*$C11 -> 0 | T11: 0 | U11: =+V11*$D11 -> 0 | V11: =T11 -> 0 | W11: =+X11*$C11 -> 0 | X11: 0 | Y11: =+Z11*$D11 -> 0 | Z11: =X11 -> 0 | AA11: =+AB11*$C11 -> 0 | AB11: 0 | AC11: =+AD11*$D11 -> 0 | AD11: =AB11 -> 0 | AF11: =H11+L11+P11+T11+X11+AB11 -> 0
A12: 3 | B12: =Orçamentária!B33 -> CONCLUSÃO DOS SERVIÇOS | C12: =Orçamentária!H37 -> 0 | D12: =Orçamentária!I37 -> 0 | E12: =C12+D12 -> 0 | F12: =+E12/E$41*100 -> #DIV/0! | G12: =+H12*$C12 -> 0 | H12: 0 | I12: =+J12*$D12 -> 0 | J12: =H12 -> 0 | K12: =+L12*$C12 -> 0 | L12: 0 | M12: =+N12*$D12 -> 0 | N12: =L12 -> 0 | O12: =+P12*$C12 -> 0 | P12: 0 | Q12: =+R12*$D12 -> 0 | R12: =P12 -> 0 | S12: =+T12*$C12 -> 0 | T12: 0 | U12: =+V12*$D12 -> 0 | V12: =T12 -> 0 | W12: =+X12*$C12 -> 0 | X12: 0 | Y12: =+Z12*$D12 -> 0 | Z12: =X12 -> 0 | AA12: =+AB12*$C12 -> 0 | AB12: 0 | AC12: =+AD12*$D12 -> 0 | AD12: =AB12 -> 0 | AF12: =H12+L12+P12+T12+X12+AB12 -> 0
B13: =Orçamentária!B39 -> COZINHA DA ESCOLA
A14: 4.1 | B14: =Orçamentária!B40 -> DEMOLIÇÕES, REMOÇÕES E RETIRADAS | C14: =Orçamentária!H53 -> 0 | D14: =Orçamentária!I53 -> 0 | E14: =C14+D14 -> 0 | F14: =+E14/E$41*100 -> #DIV/0! | G14: =+H14*$C14 -> 0 | H14: 0 | I14: =+J14*$D14 -> 0 | J14: =H14 -> 0 | K14: =+L14*$C14 -> 0 | L14: 0 | M14: =+N14*$D14 -> 0 | N14: =L14 -> 0 | O14: =+P14*$C14 -> 0 | P14: 0 | Q14: =+R14*$D14 -> 0 | R14: =P14 -> 0 | S14: =+T14*$C14 -> 0 | T14: 0 | U14: =+V14*$D14 -> 0 | V14: =T14 -> 0 | W14: =+X14*$C14 -> 0 | X14: 0 | Y14: =+Z14*$D14 -> 0 | Z14: =X14 -> 0 | AA14: =+AB14*$C14 -> 0 | AB14: 0 | AC14: =+AD14*$D14 -> 0 | AD14: =AB14 -> 0 | AF14: =H14+L14+P14+T14+X14+AB14 -> 0
A15: 4.2 | B15: =Orçamentária!B55 -> ARQUITETURA | C15: =Orçamentária!H109 -> 0 | D15: =Orçamentária!I109 -> 0 | E15: =C15+D15 -> 0 | F15: =+E15/E$41*100 -> #DIV/0! | G15: =+H15*$C15 -> 0 | H15: 0 | I15: =+J15*$D15 -> 0 | J15: =H15 -> 0 | K15: =+L15*$C15 -> 0 | L15: 0 | M15: =+N15*$D15 -> 0 | N15: =L15 -> 0 | O15: =+P15*$C15 -> 0 | P15: 0 | Q15: =+R15*$D15 -> 0 | R15: =P15 -> 0 | S15: =+T15*$C15 -> 0 | T15: 0 | U15: =+V15*$D15 -> 0 | V15: =T15 -> 0 | W15: =+X15*$C15 -> 0 | X15: 0 | Y15: =+Z15*$D15 -> 0 | Z15: =X15 -> 0 | AA15: =+AB15*$C15 -> 0 | AB15: 0 | AC15: =+AD15*$D15 -> 0 | AD15: =AB15 -> 0 | AF15: =H15+L15+P15+T15+X15+AB15 -> 0
A16: 4.3 | B16: =Orçamentária!B111 -> INSTALAÇÕES HIDROSSANITÁRIAS | C16: =Orçamentária!H161 -> 0 | D16: =Orçamentária!I161 -> 0 | E16: =C16+D16 -> 0 | F16: =+E16/E$41*100 -> #DIV/0! | G16: =+H16*$C16 -> 0 | H16: 0 | I16: =+J16*$D16 -> 0 | J16: =H16 -> 0 | K16: =+L16*$C16 -> 0 | L16: 0 | M16: =+N16*$D16 -> 0 | N16: =L16 -> 0 | O16: =+P16*$C16 -> 0 | P16: 0 | Q16: =+R16*$D16 -> 0 | R16: =P16 -> 0 | S16: =+T16*$C16 -> 0 | T16: 0 | U16: =+V16*$D16 -> 0 | V16: =T16 -> 0 | W16: =+X16*$C16 -> 0 | X16: 0 | Y16: =+Z16*$D16 -> 0 | Z16: =X16 -> 0 | AA16: =+AB16*$C16 -> 0 | AB16: 0 | AC16: =+AD16*$D16 -> 0 | AD16: =AB16 -> 0 | AF16: =H16+L16+P16+T16+X16+AB16 -> 0
A17: 4.4 | B17: =Orçamentária!B163 -> INSTALAÇÕES ELÉTRICAS E LÓGICA | C17: =Orçamentária!H205 -> 0 | D17: =Orçamentária!I205 -> 0 | E17: =C17+D17 -> 0 | F17: =+E17/E$41*100 -> #DIV/0! | G17: =+H17*$C17 -> 0 | H17: 0 | I17: =+J17*$D17 -> 0 | J17: =H17 -> 0 | K17: =+L17*$C17 -> 0 | L17: 0 | M17: =+N17*$D17 -> 0 | N17: =L17 -> 0 | O17: =+P17*$C17 -> 0 | P17: 0 | Q17: =+R17*$D17 -> 0 | R17: =P17 -> 0 | S17: =+T17*$C17 -> 0 | T17: 0 | U17: =+V17*$D17 -> 0 | V17: =T17 -> 0 | W17: =+X17*$C17 -> 0 | X17: 0 | Y17: =+Z17*$D17 -> 0 | Z17: =X17 -> 0 | AA17: =+AB17*$C17 -> 0 | AB17: 0 | AC17: =+AD17*$D17 -> 0 | AD17: =AB17 -> 0 | AF17: =H17+L17+P17+T17+X17+AB17 -> 0
A18: 4.5 | B18: =Orçamentária!B207 -> PROTEÇÃO E COMBATE À INCÊNDIO | C18: =Orçamentária!H236 -> 0 | D18: =Orçamentária!I236 -> 0 | E18: =C18+D18 -> 0 | F18: =+E18/E$41*100 -> #DIV/0! | G18: =+H18*$C18 -> 0 | H18: 0 | I18: =+J18*$D18 -> 0 | J18: =H18 -> 0 | K18: =+L18*$C18 -> 0 | L18: 0 | M18: =+N18*$D18 -> 0 | N18: =L18 -> 0 | O18: =+P18*$C18 -> 0 | P18: 0 | Q18: =+R18*$D18 -> 0 | R18: =P18 -> 0 | S18: =+T18*$C18 -> 0 | T18: 0 | U18: =+V18*$D18 -> 0 | V18: =T18 -> 0 | W18: =+X18*$C18 -> 0 | X18: 0 | Y18: =+Z18*$D18 -> 0 | Z18: =X18 -> 0 | AA18: =+AB18*$C18 -> 0 | AB18: 0 | AC18: =+AD18*$D18 -> 0 | AD18: =AB18 -> 0 | AF18: =H18+L18+P18+T18+X18+AB18 -> 0
A19: 4.6 | B19: =Orçamentária!B238 -> CLIMATIZAÇÃO | C19: =Orçamentária!H279 -> 0 | D19: =Orçamentária!I279 -> 0 | E19: =C19+D19 -> 0 | F19: =+E19/E$41*100 -> #DIV/0! | G19: =+H19*$C19 -> 0 | H19: 0 | I19: =+J19*$D19 -> 0 | J19: =H19 -> 0 | K19: =+L19*$C19 -> 0 | L19: 0 | M19: =+N19*$D19 -> 0 | N19: =L19 -> 0 | O19: =+P19*$C19 -> 0 | P19: 0 | Q19: =+R19*$D19 -> 0 | R19: =P19 -> 0 | S19: =+T19*$C19 -> 0 | T19: 0 | U19: =+V19*$D19 -> 0 | V19: =T19 -> 0 | W19: =+X19*$C19 -> 0 | X19: 0 | Y19: =+Z19*$D19 -> 0 | Z19: =X19 -> 0 | AA19: =+AB19*$C19 -> 0 | AB19: 0 | AC19: =+AD19*$D19 -> 0 | AD19: =AB19 -> 0 | AF19: =H19+L19+P19+T19+X19+AB19 -> 0
B20: =Orçamentária!B281 -> RESTAURANTE
A21: 5.1 | B21: =Orçamentária!B282 -> DEMOLIÇÕES, REMOÇÕES E RETIRADAS | C21: =Orçamentária!H294 -> 0 | D21: =Orçamentária!I294 -> 0 | E21: =C21+D21 -> 0 | F21: =+E21/E$41*100 -> #DIV/0! | G21: =+H21*$C21 -> 0 | H21: 0 | I21: =+J21*$D21 -> 0 | J21: =H21 -> 0 | K21: =+L21*$C21 -> 0 | L21: 0 | M21: =+N21*$D21 -> 0 | N21: =L21 -> 0 | O21: =+P21*$C21 -> 0 | P21: 0 | Q21: =+R21*$D21 -> 0 | R21: =P21 -> 0 | S21: =+T21*$C21 -> 0 | T21: 0 | U21: =+V21*$D21 -> 0 | V21: =T21 -> 0 | W21: =+X21*$C21 -> 0 | X21: 0 | Y21: =+Z21*$D21 -> 0 | Z21: =X21 -> 0 | AA21: =+AB21*$C21 -> 0 | AB21: 0 | AC21: =+AD21*$D21 -> 0 | AD21: =AB21 -> 0 | AF21: =H21+L21+P21+T21+X21+AB21 -> 0
A22: 5.2 | B22: =Orçamentária!B296 -> ARQUITETURA | C22: =Orçamentária!H354 -> 0 | D22: =Orçamentária!I354 -> 0 | E22: =C22+D22 -> 0 | F22: =+E22/E$41*100 -> #DIV/0! | G22: =+H22*$C22 -> 0 | H22: 0 | I22: =+J22*$D22 -> 0 | J22: =H22 -> 0 | K22: =+L22*$C22 -> 0 | L22: 0 | M22: =+N22*$D22 -> 0 | N22: =L22 -> 0 | O22: =+P22*$C22 -> 0 | P22: 0 | Q22: =+R22*$D22 -> 0 | R22: =P22 -> 0 | S22: =+T22*$C22 -> 0 | T22: 0 | U22: =+V22*$D22 -> 0 | V22: =T22 -> 0 | W22: =+X22*$C22 -> 0 | X22: 0 | Y22: =+Z22*$D22 -> 0 | Z22: =X22 -> 0 | AA22: =+AB22*$C22 -> 0 | AB22: 0 | AC22: =+AD22*$D22 -> 0 | AD22: =AB22 -> 0 | AF22: =H22+L22+P22+T22+X22+AB22 -> 0
A23: 5.3 | B23: =Orçamentária!B356 -> INSTALAÇÕES HIDROSSANITÁRIAS | C23: =Orçamentária!H391 -> 0 | D23: =Orçamentária!I391 -> 0 | E23: =C23+D23 -> 0 | F23: =+E23/E$41*100 -> #DIV/0! | G23: =+H23*$C23 -> 0 | H23: 0 | I23: =+J23*$D23 -> 0 | J23: =H23 -> 0 | K23: =+L23*$C23 -> 0 | L23: 0 | M23: =+N23*$D23 -> 0 | N23: =L23 -> 0 | O23: =+P23*$C23 -> 0 | P23: 0 | Q23: =+R23*$D23 -> 0 | R23: =P23 -> 0 | S23: =+T23*$C23 -> 0 | T23: 0 | U23: =+V23*$D23 -> 0 | V23: =T23 -> 0 | W23: =+X23*$C23 -> 0 | X23: 0 | Y23: =+Z23*$D23 -> 0 | Z23: =X23 -> 0 | AA23: =+AB23*$C23 -> 0 | AB23: 0 | AC23: =+AD23*$D23 -> 0 | AD23: =AB23 -> 0 | AF23: =H23+L23+P23+T23+X23+AB23 -> 0
A24: 5.4 | B24: =Orçamentária!B393 -> INSTALAÇÕES ELÉTRICAS E LÓGICA | C24: =Orçamentária!H442 -> 0 | D24: =Orçamentária!I442 -> 0 | E24: =C24+D24 -> 0 | F24: =+E24/E$41*100 -> #DIV/0! | G24: =+H24*$C24 -> 0 | H24: 0 | I24: =+J24*$D24 -> 0 | J24: =H24 -> 0 | K24: =+L24*$C24 -> 0 | L24: 0 | M24: =+N24*$D24 -> 0 | N24: =L24 -> 0 | O24: =+P24*$C24 -> 0 | P24: 0 | Q24: =+R24*$D24 -> 0 | R24: =P24 -> 0 | S24: =+T24*$C24 -> 0 | T24: 0 | U24: =+V24*$D24 -> 0 | V24: =T24 -> 0 | W24: =+X24*$C24 -> 0 | X24: 0 | Y24: =+Z24*$D24 -> 0 | Z24: =X24 -> 0 | AA24: =+AB24*$C24 -> 0 | AB24: 0 | AC24: =+AD24*$D24 -> 0 | AD24: =AB24 -> 0 | AF24: =H24+L24+P24+T24+X24+AB24 -> 0
A25: 5.5 | B25: =Orçamentária!B444 -> PROTEÇÃO E COMBATE À INCÊNDIO | C25: =Orçamentária!H470 -> 0 | D25: =Orçamentária!I470 -> 0 | E25: =C25+D25 -> 0 | F25: =+E25/E$41*100 -> #DIV/0! | G25: =+H25*$C25 -> 0 | H25: 0 | I25: =+J25*$D25 -> 0 | J25: =H25 -> 0 | K25: =+L25*$C25 -> 0 | L25: 0 | M25: =+N25*$D25 -> 0 | N25: =L25 -> 0 | O25: =+P25*$C25 -> 0 | P25: 0 | Q25: =+R25*$D25 -> 0 | R25: =P25 -> 0 | S25: =+T25*$C25 -> 0 | T25: 0 | U25: =+V25*$D25 -> 0 | V25: =T25 -> 0 | W25: =+X25*$C25 -> 0 | X25: 0 | Y25: =+Z25*$D25 -> 0 | Z25: =X25 -> 0 | AA25: =+AB25*$C25 -> 0 | AB25: 0 | AC25: =+AD25*$D25 -> 0 | AD25: =AB25 -> 0 | AF25: =H25+L25+P25+T25+X25+AB25 -> 0
A26: 5.6 | B26: =Orçamentária!B472 -> CLIMATIZAÇÃO | C26: =Orçamentária!H530 -> 0 | D26: =Orçamentária!I530 -> 0 | E26: =C26+D26 -> 0 | F26: =+E26/E$41*100 -> #DIV/0! | G26: =+H26*$C26 -> 0 | H26: 0 | I26: =+J26*$D26 -> 0 | J26: =H26 -> 0 | K26: =+L26*$C26 -> 0 | L26: 0 | M26: =+N26*$D26 -> 0 | N26: =L26 -> 0 | O26: =+P26*$C26 -> 0 | P26: 0 | Q26: =+R26*$D26 -> 0 | R26: =P26 -> 0 | S26: =+T26*$C26 -> 0 | T26: 0 | U26: =+V26*$D26 -> 0 | V26: =T26 -> 0 | W26: =+X26*$C26 -> 0 | X26: 0 | Y26: =+Z26*$D26 -> 0 | Z26: =X26 -> 0 | AA26: =+AB26*$C26 -> 0 | AB26: 0 | AC26: =+AD26*$D26 -> 0 | AD26: =AB26 -> 0 | AF26: =H26+L26+P26+T26+X26+AB26 -> 0
B27: CLÍNICA ODONTOLÓGICA | AF27: =H27+L27+P27+T27+X27+AB27 -> 0
A28: 1 | B28: =Orçamentária!B542 -> INSTALAÇÕES PROVISÓRIAS E SERVIÇOS INICIAIS | C28: =Orçamentária!H547 -> 0 | D28: =Orçamentária!I547 -> 0 | E28: =C28+D28 -> 0 | F28: =+E28/E41*100 -> #DIV/0! | G28: =+H28*$C28 -> 0 | H28: 0 | I28: =+J28*$D28 -> 0 | J28: =H28 -> 0 | K28: =+L28*$C28 -> 0 | L28: 0 | M28: =+N28*$D28 -> 0 | N28: =L28 -> 0 | O28: =+P28*$C28 -> 0 | P28: 0 | Q28: =+R28*$D28 -> 0 | R28: =P28 -> 0 | S28: =+T28*$C28 -> 0 | T28: 0 | U28: =+V28*$D28 -> 0 | V28: =T28 -> 0 | W28: =+X28*$C28 -> 0 | X28: 0 | Y28: =+Z28*$D28 -> 0 | Z28: =X28 -> 0 | AA28: =+AB28*$C28 -> 0 | AB28: 0 | AC28: =+AD28*$D28 -> 0 | AD28: =AB28 -> 0 | AF28: =H28+L28+P28+T28+X28+AB28 -> 0
A29: 2 | B29: =Orçamentária!B549 -> ADMINISTRAÇÃO DOS SERVIÇOS | C29: =Orçamentária!H554 -> 0 | D29: =Orçamentária!I554 -> 0 | E29: =C29+D29 -> 0 | F29: =+E29/E$41*100 -> #DIV/0! | G29: =+H29*$C29 -> 0 | H29: 0 | I29: =+J29*$D29 -> 0 | J29: =H29 -> 0 | K29: =+L29*$C29 -> 0 | L29: 0 | M29: =+N29*$D29 -> 0 | N29: =L29 -> 0 | O29: =+P29*$C29 -> 0 | P29: 0 | Q29: =+R29*$D29 -> 0 | R29: =P29 -> 0 | S29: =+T29*$C29 -> 0 | T29: 0 | U29: =+V29*$D29 -> 0 | V29: =T29 -> 0 | W29: =+X29*$C29 -> 0 | X29: 0 | Y29: =+Z29*$D29 -> 0 | Z29: =X29 -> 0 | AA29: =+AB29*$C29 -> 0 | AB29: 0 | AC29: =+AD29*$D29 -> 0 | AD29: =AB29 -> 0 | AF29: =H29+L29+P29+T29+X29+AB29 -> 0
A30: 3 | B30: =Orçamentária!B556 -> DEMOLIÇÕES, REMOÇÕES E RETIRADAS | C30: =Orçamentária!H576 -> 0 | D30: =Orçamentária!I576 -> 0 | E30: =C30+D30 -> 0 | F30: =+E30/E$41*100 -> #DIV/0! | G30: =+H30*$C30 -> 0 | H30: 0 | I30: =+J30*$D30 -> 0 | J30: =H30 -> 0 | K30: =+L30*$C30 -> 0 | L30: 0 | M30: =+N30*$D30 -> 0 | N30: =L30 -> 0 | O30: =+P30*$C30 -> 0 | P30: 0 | Q30: =+R30*$D30 -> 0 | R30: =P30 -> 0 | S30: =+T30*$C30 -> 0 | T30: 0 | U30: =+V30*$D30 -> 0 | V30: =T30 -> 0 | W30: =+X30*$C30 -> 0 | X30: 0 | Y30: =+Z30*$D30 -> 0 | Z30: =X30 -> 0 | AA30: =+AB30*$C30 -> 0 | AB30: 0 | AC30: =+AD30*$D30 -> 0 | AD30: =AB30 -> 0 | AF30: =H30+L30+P30+T30+X30+AB30 -> 0
A31: 4 | B31: =Orçamentária!B578 -> ARQUITETURA E URBANISMO | C31: =Orçamentária!H626 -> 0 | D31: =Orçamentária!I626 -> 0 | E31: =C31+D31 -> 0 | F31: =+E31/E$41*100 -> #DIV/0! | G31: =+H31*$C31 -> 0 | H31: 0 | I31: =+J31*$D31 -> 0 | J31: =H31 -> 0 | K31: =+L31*$C31 -> 0 | L31: 0 | M31: =+N31*$D31 -> 0 | N31: =L31 -> 0 | O31: =+P31*$C31 -> 0 | P31: 0 | Q31: =+R31*$D31 -> 0 | R31: =P31 -> 0 | S31: =+T31*$C31 -> 0 | T31: 0 | U31: =+V31*$D31 -> 0 | V31: =T31 -> 0 | W31: =+X31*$C31 -> 0 | X31: 0 | Y31: =+Z31*$D31 -> 0 | Z31: =X31 -> 0 | AA31: =+AB31*$C31 -> 0 | AB31: 0 | AC31: =+AD31*$D31 -> 0 | AD31: =AB31 -> 0 | AF31: =H31+L31+P31+T31+X31+AB31 -> 0
A32: 5 | B32: =Orçamentária!B628 -> INSTALAÇÕES ELÉTRICAS E LÓGICA | C32: =Orçamentária!H686 -> 0 | D32: =Orçamentária!I686 -> 0 | E32: =C32+D32 -> 0 | F32: =+E32/E$41*100 -> #DIV/0! | G32: =+H32*$C32 -> 0 | H32: 0 | I32: =+J32*$D32 -> 0 | J32: =H32 -> 0 | K32: =+L32*$C32 -> 0 | L32: 0 | M32: =+N32*$D32 -> 0 | N32: =L32 -> 0 | O32: =+P32*$C32 -> 0 | P32: 0 | Q32: =+R32*$D32 -> 0 | R32: =P32 -> 0 | S32: =+T32*$C32 -> 0 | T32: 0 | U32: =+V32*$D32 -> 0 | V32: =T32 -> 0 | W32: =+X32*$C32 -> 0 | X32: 0 | Y32: =+Z32*$D32 -> 0 | Z32: =X32 -> 0 | AA32: =+AB32*$C32 -> 0 | AB32: 0 | AC32: =+AD32*$D32 -> 0 | AD32: =AB32 -> 0 | AF32: =H32+L32+P32+T32+X32+AB32 -> 0
A33: 6 | B33: =Orçamentária!B688 -> CLIMATIZAÇÃO | C33: =Orçamentária!H739 -> 0 | D33: =Orçamentária!I739 -> 0 | E33: =C33+D33 -> 0 | F33: =+E33/E$41*100 -> #DIV/0! | G33: =+H33*$C33 -> 0 | H33: 0 | I33: =+J33*$D33 -> 0 | J33: =H33 -> 0 | K33: =+L33*$C33 -> 0 | L33: 0 | M33: =+N33*$D33 -> 0 | N33: =L33 -> 0 | O33: =+P33*$C33 -> 0 | P33: 0 | Q33: =+R33*$D33 -> 0 | R33: =P33 -> 0 | S33: =+T33*$C33 -> 0 | T33: 0 | U33: =+V33*$D33 -> 0 | V33: =T33 -> 0 | W33: =+X33*$C33 -> 0 | X33: 0 | Y33: =+Z33*$D33 -> 0 | Z33: =X33 -> 0 | AA33: =+AB33*$C33 -> 0 | AB33: 0 | AC33: =+AD33*$D33 -> 0 | AD33: =AB33 -> 0 | AF33: =H33+L33+P33+T33+X33+AB33 -> 0
A34: 7 | B34: =Orçamentária!B741 -> INSTALAÇÕES HIDRÁULICAS | C34: =Orçamentária!H754 -> 0 | D34: =Orçamentária!I754 -> 0 | E34: =C34+D34 -> 0 | F34: =+E34/E$41*100 -> #DIV/0! | G34: =+H34*$C34 -> 0 | H34: 0 | I34: =+J34*$D34 -> 0 | J34: =H34 -> 0 | K34: =+L34*$C34 -> 0 | L34: 0 | M34: =+N34*$D34 -> 0 | N34: =L34 -> 0 | O34: =+P34*$C34 -> 0 | P34: 0 | Q34: =+R34*$D34 -> 0 | R34: =P34 -> 0 | S34: =+T34*$C34 -> 0 | T34: 0 | U34: =+V34*$D34 -> 0 | V34: =T34 -> 0 | W34: =+X34*$C34 -> 0 | X34: 0 | Y34: =+Z34*$D34 -> 0 | Z34: =X34 -> 0 | AA34: =+AB34*$C34 -> 0 | AB34: 0 | AC34: =+AD34*$D34 -> 0 | AD34: =AB34 -> 0 | AF34: =H34+L34+P34+T34+X34+AB34 -> 0
A35: 8 | B35: =Orçamentária!B756 -> SERVIÇOS COMPLEMENTARES | C35: =Orçamentária!H759 -> 0 | D35: =Orçamentária!I759 -> 0 | E35: =C35+D35 -> 0 | F35: =+E35/E$41*100 -> #DIV/0! | G35: =+H35*$C35 -> 0 | H35: 0 | I35: =+J35*$D35 -> 0 | J35: =H35 -> 0 | K35: =+L35*$C35 -> 0 | L35: 0 | M35: =+N35*$D35 -> 0 | N35: =L35 -> 0 | O35: =+P35*$C35 -> 0 | P35: 0 | Q35: =+R35*$D35 -> 0 | R35: =P35 -> 0 | S35: =+T35*$C35 -> 0 | T35: 0 | U35: =+V35*$D35 -> 0 | V35: =T35 -> 0 | W35: =+X35*$C35 -> 0 | X35: 0 | Y35: =+Z35*$D35 -> 0 | Z35: =X35 -> 0 | AA35: =+AB35*$C35 -> 0 | AB35: 0 | AC35: =+AD35*$D35 -> 0 | AD35: =AB35 -> 0 | AF35: =H35+L35+P35+T35+X35+AB35 -> 0
B36: COBERTURA LATERAL DA QUADRA
A37: 1 | B37: =Orçamentária!B771 -> SERVIÇOS INICIAIS E ADMINISTRAÇÃO LOCAL | C37: =Orçamentária!H777 -> 0 | D37: =Orçamentária!I777 -> 0 | E37: =C37+D37 -> 0 | F37: =+E37/E41*100 -> #DIV/0! | G37: =+H37*$C37 -> 0 | H37: 0 | I37: =+J37*$D37 -> 0 | J37: =H37 -> 0 | K37: =+L37*$C37 -> 0 | L37: 0 | M37: =+N37*$D37 -> 0 | N37: =L37 -> 0 | O37: =+P37*$C37 -> 0 | P37: 0 | Q37: =+R37*$D37 -> 0 | R37: =P37 -> 0 | S37: =+T37*$C37 -> 0 | T37: 0 | U37: =+V37*$D37 -> 0 | V37: =T37 -> 0 | W37: =+X37*$C37 -> 0 | X37: 0 | Y37: =+Z37*$D37 -> 0 | Z37: =X37 -> 0 | AA37: =+AB37*$C37 -> 0 | AB37: 0 | AC37: =+AD37*$D37 -> 0 | AD37: =AB37 -> 0 | AF37: =H37+L37+P37+T37+X37+AB37 -> 0
A38: 2 | B38: =Orçamentária!B779 -> COBERTURA LATERAL DA QUADRA | C38: =Orçamentária!H790 -> 0 | D38: =Orçamentária!I790 -> 0 | E38: =C38+D38 -> 0 | F38: =+E38/E$41*100 -> #DIV/0! | G38: =+H38*$C38 -> 0 | H38: 0 | I38: =+J38*$D38 -> 0 | J38: =H38 -> 0 | K38: =+L38*$C38 -> 0 | L38: 0 | M38: =+N38*$D38 -> 0 | N38: =L38 -> 0 | O38: =+P38*$C38 -> 0 | P38: 0 | Q38: =+R38*$D38 -> 0 | R38: =P38 -> 0 | S38: =+T38*$C38 -> 0 | T38: 0 | U38: =+V38*$D38 -> 0 | V38: =T38 -> 0 | W38: =+X38*$C38 -> 0 | X38: 0 | Y38: =+Z38*$D38 -> 0 | Z38: =X38 -> 0 | AA38: =+AB38*$C38 -> 0 | AB38: 0 | AC38: =+AD38*$D38 -> 0 | AD38: =AB38 -> 0 | AF38: =H38+L38+P38+T38+X38+AB38 -> 0
A39: 3 | B39: =Orçamentária!B792 -> SEVIÇOS FINAIS | C39: =Orçamentária!H795 -> 0 | D39: =Orçamentária!I795 -> 0 | E39: =C39+D39 -> 0 | F39: =+E39/E$41*100 -> #DIV/0! | G39: =+H39*$C39 -> 0 | H39: 0 | I39: =+J39*$D39 -> 0 | J39: =H39 -> 0 | K39: =+L39*$C39 -> 0 | L39: 0 | M39: =+N39*$D39 -> 0 | N39: =L39 -> 0 | O39: =+P39*$C39 -> 0 | P39: 0 | Q39: =+R39*$D39 -> 0 | R39: =P39 -> 0 | S39: =+T39*$C39 -> 0 | T39: 0 | U39: =+V39*$D39 -> 0 | V39: =T39 -> 0 | W39: =+X39*$C39 -> 0 | X39: 0 | Y39: =+Z39*$D39 -> 0 | Z39: =X39 -> 0 | AA39: =+AB39*$C39 -> 0 | AB39: 0 | AC39: =+AD39*$D39 -> 0 | AD39: =AB39 -> 0 | AF39: =H39+L39+P39+T39+X39+AB39 -> 0
B41: VALOR TOTAL DO ORÇAMENTO s/ BDI | C41: =SUM(C10:C40) -> 0 | D41: =SUM(D10:D40) -> 0 | E41: =SUM(E10:E40) -> 0 | F41: =SUM(F10:F39) -> #DIV/0! | G41: =SUM(G10:G40) -> 0 | I41: =SUM(I10:I40) -> 0 | K41: =SUM(K10:K40) -> 0 | M41: =SUM(M10:M40) -> 0 | O41: =SUM(O10:O40) -> 0 | Q41: =SUM(Q10:Q40) -> 0 | S41: =SUM(S10:S40) -> 0 | U41: =SUM(U10:U40) -> 0 | W41: =SUM(W10:W40) -> 0 | Y41: =SUM(Y10:Y40) -> 0 | AA41: =SUM(AA10:AA40) -> 0 | AC41: =SUM(AC10:AC40) -> 0
B43: Valor Total de Material com BDI | C43: =Orçamentária!#REF!+Orçamentária!#REF!+Orçamentária!H830 -> #REF! | G43: =G41*(1+Orçamentária!$D$828/100) -> 0 | H43: =G43/($C$41+$C$43) -> #REF! | I43: =I41*(1+Orçamentária!$D$828/100) -> 0 | J43: =I43/($D$41+$D$44) -> #REF! | K43: =K41*(1+Orçamentária!$D$828/100) -> 0 | L43: =K43/($C$41+$C$43) -> #REF! | M43: =M41*(1+Orçamentária!$D$828/100) -> 0 | N43: =M43/($D$41+$D$44) -> #REF! | O43: =O41*(1+Orçamentária!$D$828/100) -> 0 | P43: =O43/($C$41+$C$43) -> #REF! | Q43: =Q41*(1+Orçamentária!$D$828/100) -> 0 | R43: =Q43/($D$41+$D$44) -> #REF! | S43: =S41*(1+Orçamentária!$D$828/100) -> 0 | T43: =S43/($C$41+$C$43) -> #REF! | U43: =U41*(1+Orçamentária!$D$828/100) -> 0 | V43: =U43/($D$41+$D$44) -> #REF! | W43: =W41*(1+Orçamentária!$D$828/100) -> 0 | X43: =W43/($C$41+$C$43) -> #REF! | Y43: =Y41*(1+Orçamentária!$D$828/100) -> 0 | Z43: =Y43/($D$41+$D$44) -> #REF! | AA43: =AA41*(1+Orçamentária!$D$828/100) -> 0 | AB43: =AA43/($C$41+$C$43) -> #REF! | AC43: =AC41*(1+Orçamentária!$D$828/100) -> 0 | AD43: =AC43/($D$41+$D$44) -> #REF! | AF43: =H43+L43+P43+T43+X43+AB43 -> #REF!
B44: Valor Total de Mão de Obra com BDI | D44: =Orçamentária!#REF!+Orçamentária!#REF!+Orçamentária!I831 -> #REF!
B45: Valor Total Material + Mão de Obra com BDI | E45: =C41+D41+C43+D44 -> #REF!
B46: Valor da Parcela | I46: =I43+G43 -> 0 | J46: =I46/$E$45 -> #REF! | M46: =M43+K43 -> 0 | N46: =M46/$E$45 -> #REF! | Q46: =Q43+O43 -> 0 | R46: =Q46/$E$45 -> #REF! | U46: =U43+S43 -> 0 | V46: =U46/$E$45 -> #REF! | Y46: =Y43+W43 -> 0 | Z46: =Y46/$E$45 -> #REF! | AC46: =AC43+AA43 -> 0 | AD46: =AC46/$E$45 -> #REF!
B47: Valor da Total acumulado | I47: =I46 -> 0 | J47: =J46 -> #REF! | M47: =I46+M46 -> 0 | N47: =M47/$E$45 -> #REF! | Q47: =I46+M46+Q46 -> 0 | R47: =Q47/$E$45 -> #REF! | U47: =I46+M46+Q46+U46 -> 0 | V47: =U47/$E$45 -> #REF! | Y47: =I46+M46+Q46+U46+Y46 -> 0 | Z47: =Y47/$E$45 -> #REF! | AC47: =I46+M46+Q46+U46+Y46+AC46 -> 0 | AD47: =AC47/$E$45 -> #REF!
E50: Eng Responsável
E51: CREA
